 Dungeon Crawl Stone Soup version 0.27.1-4-g1640c2035a (webtiles) character file.

Game seed: 16687081764930891078

3881 VictoriousLee the Geomancer (level 10, -1/63 HPs)
             Began as a Formicid Earth Elementalist on Oct 20, 2021.
             Succumbed to a killer bee's poison
             ... on level 7 of the Dungeon on Nov 1, 2021.
             The game lasted 01:06:19 (9108 turns).

VictoriousLee the Geomancer (FoEE)                  Turns: 9108, Time: 01:06:20

Health: -1/63      AC:  6    Str: 13    XL:     10   Next: 42%
Magic:  18/18      EV: 12    Int: 22    God:
Gold:   490        SH:  0    Dex: 15    Spells: 14/20 levels left

rFire    + . .     SeeInvis +   b - +3 dagger (drain)
rCold    . . .     Faith    .   (no shield)
rNeg     + . .     Spirit   .   d - +2 robe {rF+}
rPois    .         Reflect  .   (helmet unavailable)
rElec    .         Harm     .   (no cloak)
rCorr    .         Rampage  .   r - +1 pair of gloves
Will     +....                  (no boots)
Stlth    ++........             (no amulet)
HPRegen  0.20/turn              B - +6 ring of dexterity
MPRegen  0.16/turn              A - ring of positive energy

@: lethally poisoned (-1 -> -12)
A: permanent stasis, dig shafts and tunnels, antennae 3, four strong arms,
clever 2, clumsy 1
a: Dig, Shaft Self


You were on level 7 of the Dungeon.
You visited 2 branches of the dungeon, and saw 8 of its levels.

You collected 490 gold pieces.

Inventory:

Hand Weapons
 b - a +3 dagger of draining (weapon)
 g - a +1 vorpal flail
 h - a +2 dagger of venom
 p - a +2 whip of freezing
 y - a +1 scythe of venom
 D - a +2 short sword
 G - a +2 battleaxe
 J - a +0 battleaxe
Missiles
 c - 78 stones
 j - 49 poisoned darts
Armour
 d - a +2 robe of fire resistance (worn)
 f - a +3 ring mail
 o - a +0 robe of willpower
 r - a +1 pair of gloves (worn)
 w - a +1 leather armour of willpower
Magical Staves
 a - a staff of earth
Jewellery
 A - a ring of positive energy (right hand)
 B - a +6 ring of dexterity (left hand)
 K - a ring of fire
Wands
 k - a wand of iceblast (2)
 H - a wand of polymorph (9)
Scrolls
 e - a scroll of noise {unknown}
 i - a scroll of blinking {unknown}
 m - a scroll of enchant armour {unknown}
 q - a scroll of amnesia
 C - a scroll of fog {unknown}
Potions
 l - a potion of attraction
 v - a potion of haste


   Skills:
 - Level 1.7 Dodging
 - Level 2.4 Stealth
 + Level 5.8 Spellcasting
 - Level 8.4 Conjurations
 - Level 6.2 Transmutations
 + Level 9.9 Earth Magic


You had 14 spell levels left.
You knew the following spells:

 Your Spells              Type           Power      Damage    Failure   Level
p - Passwall              Tmut/Erth      35%        N/A       1%          2
s - Stone Arrow           Conj/Erth      92%        3d12      1%          3
z - Sandblast             Erth           100%       2d20      1%          1

Your spell library contained the following spells:

 Spells                   Type           Power      Damage    Failure   Level
 Sting                    Tmut/Pois      80%        1d7       2%          1
 Static Discharge         Conj/Air       25%        N/A       2%          2
 Petrify                  Tmut/Erth      42%        N/A       3%          4
 Animate Skeleton         Necr           12%        N/A       10%         1
 Pain                     Necr           24%        1d5       10%         1
 Poisonous Vapours        Pois/Air       12%        N/A       14%         2
 Slow                     Hex            6%         N/A       14%         2
 Blade Hands              Tmut           17%        N/A       21%         5
 Confusing Touch          Hex            6%         N/A       28%         3
 Gell's Gravitas          Tloc           3%         N/A       28%         3
 Lesser Beckoning         Tloc           3%         N/A       28%         3
 Portal Projectile        Hex/Tloc       12%        N/A       28%         3
 Teleport Other           Tloc           6%         N/A       28%         3
 Vampiric Draining        Necr           3%         2d6       28%         3
 Lightning Bolt           Conj/Air       12%        1d26      41%         5
 Yara's Violent Unravell  Hex/Tmut       10%        3d6       56%         5
 Olgreb's Toxic Radiance  Pois           6%         N/A       67%         4
 Excruciating Wounds      Necr           3%         N/A       95%         5
 Maxwell's Capacitive Co  Air            3%         ∞         100%        8


Dungeon Overview and Level Annotations

Branches:
Dungeon (7/15)             Temple (1/1) D:6

Altars:
Cheibriados
Dithmenos
Elyvilon
Fedhas
Gozag
Hepliaklqana
Kikubaaqudgha
Makhleb
Nemelex Xobeh
Qazlal
Ru
Sif Muna
Trog
Uskayaw
Wu Jian
Xom
Yredelemnul
Zin
The Shining One

Shops:
D:3 [


Innate Abilities, Weirdness & Mutations

You cannot be hasted, slowed, berserked, paralysed or teleported.
You can dig through walls and to a lower floor.
You have a pair of large antennae on your head. (SInv)
Your four strong arms can wield two-handed weapons with a shield.
Your mind is very acute. (Int +4)
You are clumsy. (Dex -2)


Message History

You feel sick.
The killer bee stings you but does no damage. x4
You closely miss the killer bee.
The killer bee is severely wounded.
You feel sick.
The killer bee stings you but does no damage.
The killer bee stings you.
* * * LOW HITPOINT WARNING * * *
The killer bee stings you but does no damage. x2
You attack the rock wall.
You feel sick. The killer bee stings you.
* * * LOW HITPOINT WARNING * * *
The killer bee stings you but does no damage. x2
The killer bee stings you.
* * * LOW HITPOINT WARNING * * *
You puncture the killer bee!
You kill the killer bee!
You feel less invigorated.
You feel less confused.
You feel sick.
The killer bee stings you but does no damage. x2
You closely miss the killer bee.
You feel less wooden.
Your +1 pair of gloves unmelds from your body.
Your +2 robe of fire resistance unmelds from your body.
You feel resistant to fire.
You feel sick.
The killer bee stings you but does no damage.
You miss the killer bee.
You feel sick. The killer bee barely misses you. x3
The killer bee stings you but does no damage.
Okay, then.
You barely miss the killer bee.
You feel sick.
You are no longer poisoned.
The killer bee barely misses you. The killer bee misses you.
The killer bee stings you.
* * * LOW HITPOINT WARNING * * *
You are lethally poisoned!
The killer bee poisons you! The killer bee barely misses you.
Your magical effects are unravelling.
You feel magically purged.
You feel a little less mighty now.
You die...

.......#.≈.......≈......
......[#.≈≈≈≈≈≈≈≈≈......
.......#..............
.......#.#####.#..#.#
............>#.#..# #
#########.####.#.##.#
#).......# #......#####
#.#####..# ###y##......
##.#####..# #@yoy.....
......##..# ####..(...
...##.##... ..... ####
.##.## .... ##.# .$. .#
.. #


You could see 3 killer bees and an orc.

Vanquished Creatures
  Pikel (D:4)
  Grinder (D:5)
  Prince Ribbit (D:4)
  2 yaks (D:6)
  Sigmund (D:2)
  Eustachio (D:5)
  Menkaure (D:4)
  2 water moccasins
  Duvessa (D:5)
  An ice beast (D:7)
  A sky beast (D:7)
  An ogre (D:6)
  A necrophage (D:4)
  Blork the orc (D:6)
  2 scorpions
  Dowan (D:5)
  3 killer bees (D:7)
  A howler monkey (D:5)
  9 wights (D:6)
  A centaur zombie (D:6)
  5 orc priests
  A bullfrog skeleton (D:6)
  3 hounds (D:6)
  2 bullfrog zombies
  A centaur skeleton (D:6)
  A jelly (D:5)
  An iguana (D:6)
  Natasha (thrice) (D:4)
  6 orc wizards
  A hound skeleton (D:5)
  8 gnolls
  8 adders
  A white imp (D:7)
  2 worms
  3 dart slugs
  24 orcs
  4 ball pythons
  6 endoplasms
  3 giant cockroaches
  7 hobgoblins
  2 quokkas (D:4)
  5 bats
  2 frilled lizards
  4 goblins
  8 kobolds
  5 rats
149 creatures vanquished.

Vanquished Creatures (others)
  2 plants (D:3)
2 creatures vanquished.

Grand Total: 151 creatures vanquished

Notes
Turn   | Place    | Note
-------+----------+-------------------------------------------
     0 | D:1      | VictoriousLee the Formicid Earth Elementalist began the
                  | quest for the Orb.
     0 | D:1      | Reached XP level 1. HP: 13/13 MP: 3/3
   122 | D:1      | Reached skill level 4 in Earth Magic
   131 | D:1      | Reached XP level 2. HP: 19/19 MP: 1/5
   235 | D:1      | Learned a level 2 spell: Passwall
   595 | D:1      | Reached XP level 3. HP: 24/24 MP: 4/6
   623 | D:1      | Found a faded altar of an unknown god.
  1196 | D:1      | Learned a level 3 spell: Stone Arrow
  1207 | D:2      | Noticed Sigmund
  1239 | D:2      | Reached skill level 5 in Earth Magic
  1337 | D:2      | Killed Sigmund
  1338 | D:2      | Reached XP level 4. HP: 19/30 MP: 7/7
  1338 | D:2      | Reached XP level 5. HP: 22/35 MP: 8/8
  1638 | D:2      | Found a bloodstained altar of Trog.
  2098 | D:3      | Reached XP level 6. HP: 41/41 MP: 7/9
  2148 | D:3      | Found Zoismul's Antique Armour Boutique.
  2628 | D:3      | Found a hide-covered altar of Uskayaw.
  2956 | D:3      | Found a white marble altar of Elyvilon.
  2972 | D:3      | Reached skill level 5 in Conjurations
  3587 | D:4      | Noticed Pikel
  3597 | D:4      | Killed Pikel
  3598 | D:4      | Reached XP level 7. HP: 30/46 MP: 0/10
  3598 | D:4      | Reached XP level 8. HP: 33/52 MP: 0/11
  4371 | D:4      | Noticed Menkaure
  4376 | D:4      | Killed Menkaure
  4539 | D:4      | Noticed Natasha
  4552 | D:4      | Killed Natasha
  4634 | D:4      | Noticed Natasha
  4636 | D:4      | Killed Natasha
  4777 | D:4      | Noticed Natasha
  4784 | D:4      | Killed Natasha
  4920 | D:4      | Found an ancient bone altar of Kikubaaqudgha.
  4944 | D:4      | Found a hazy altar of Hepliaklqana.
  5045 | D:5      | Entered Level 5 of the Dungeon
  5045 | D:5      | Noticed Prince Ribbit
  5328 | D:4      | Killed Prince Ribbit
  5329 | D:4      | Reached XP level 9. HP: 43/57 MP: 4/12
  5759 | D:5      | Reached skill level 5 in Transmutations
  5760 | D:5      | Noticed Eustachio
  6236 | D:5      | Noticed Grinder
  6250 | D:5      | Killed Grinder
  6251 | D:5      | Reached skill level 6 in Earth Magic
  6499 | D:5      | Found a sacrificial altar of Ru.
  6641 | D:5      | Killed Eustachio
  6642 | D:5      | Reached skill level 7 in Earth Magic
  6743 | D:5      | Noticed Duvessa
  6743 | D:5      | Noticed Dowan
  6770 | D:5      | Killed Duvessa
  6902 | D:5      | Killed Dowan
  7186 | D:5      | Reached skill level 8 in Earth Magic
  7270 | D:6      | Found an opulent altar of Gozag.
  7368 | D:6      | Found a staircase to the Ecumenical Temple.
  7394 | Temple   | Entered the Ecumenical Temple
  7784 | D:6      | Reached skill level 9 in Earth Magic
  7795 | D:6      | Reached XP level 10. HP: 63/63 MP: 1/14
  7975 | D:6      | Found a bloodstained altar of Trog.
  8020 | D:6      | Found a shimmering blue altar of Sif Muna.
  8024 | D:6      | Noticed Blork the orc
  8030 | D:6      | Killed Blork the orc
  8031 | D:6      | Found a glowing golden altar of the Shining One.
  8594 | Temple   | Upgraded the game from 0.27.1-3-gb3d3a73c9e to
                  | 0.27.1-4-g1640c2035a
  8614 | D:6      | Reached skill level 5 in Spellcasting
  8948 | D:7      | Found a burning altar of Makhleb.
  9086 | D:7      | Gained mutation: Your mind is acute. (Int +2) [potion of
                  | mutation]
  9086 | D:7      | Gained mutation: You are clumsy. (Dex -2) [potion of
                  | mutation]
  9086 | D:7      | Gained mutation: Your mind is very acute. (Int +4) [potion
                  | of mutation]
  9098 | D:7      | HP: 2/94 [killer bee (5)]
  9107 | D:7      | HP: 2/63 [killer bee (3)]
  9108 | D:7      | Succumbed to a killer bee's poison

Illustrated notes

Levels and vault maps discovered:
D:1:      dpeg_arrival_rhombi, layout_basic, basic_ecumenical_altar,
          roderic_roman_lattice, chequers_arboretum, grunt_decor_clamped,
          minmay_misc_feat_nine_boxes, minmay_tripent
D:2:      layout_rooms, basic_altar, uniq_sigmund
D:3:      layout_basic, nicolae_uskayaw_dance_hall, elyvilon_altar_5,
          serial_shops, nicolae_shop_overgrown_old_shop, grunt_decor_one_mirror,
          corexii_leaking_fountain, hex_tiny
D:4:      layout_loops_ring, worldfamousw_hep_ancestral_shrine,
          lemuel_zombie_altar_kikubaaqudgha, minmay_misc_feat_tiny,
          chequers_mini_garden, uniq_natasha, uniq_pikel, uniq_menkaure
D:5:      layout_cave_pools, amcnicky_altar_gilded, uniq_grinder,
          uniq_eustachio, uniq_prince_ribbit1, uniq_duvessa
D:6:      layout_loops_ring, nicolae_gozag_cash_rules_everything_around_me,
          lemuel_round_altar, mainiacjoe_overflow_large_starburst,
          minmay_temple_entry_stoned_glass, kennysheep_generic_room_16,
          uniq_blork_the_orc
D:7:      layout_basic, mainiacjoe_overflow_concentric_impassable
Temple:   jpeg_temple_island

Skill      XL: |  1  2  3  4  5  6  7  8  9 10 |
---------------+-------------------------------+-----
Earth Magic    | 4 5 9 |  9.9
Conjurations   | 3 4 6 8 |  8.4
Transmutations | 2 4 6 |  6.2
Spellcasting   | 5 |  5.8
Dodging        | |  1.7
Stealth        | |  2.4

Action                   |  1- 3 |  4- 6 |  7- 9 | 10-12 || total
-------------------------+-------+-------+-------+-------++-------
Melee: Unarmed           |     5 |       |       |       ||     5
       Club              |     4 |       |       |       ||     4
       Dagger            |    56 |   100 |       |    20 ||   176
       Whip              |       |       |    89 |       ||    89
       Staff             |       |       |     5 |     9 ||    14
 Cast: Sandblast         |    12 |    11 |    42 |    17 ||    82
       Stone Arrow       |       |     2 |    67 |    20 ||    89
 Abil: Dig               |     1 |     2 |     3 |       ||     6
  Use: Potion            |     1 |       |     2 |    10 ||    13
       Scroll            |       |       |     5 |     4 ||     9
 Stab: Sleeping          |     2 |       |       |       ||     2
Armor: Robe              |     3 |    17 |    34 |    10 ||    64
       Ring mail         |    38 |     1 |       |       ||    39
       Skin              |       |       |       |    73 ||    73
Dodge: Dodged            |    50 |    50 |    67 |    25 ||   192
